 Dungeon Crawl Stone Soup version 0.28.0 (webtiles) character file.

Game seed: 3718980614367309399

332 zazu2006 the Magician (level 6, -2/50 HPs)
             Began as a Naga Hedge Wizard on Feb 11, 2022.
             Slain by a black bear (4 damage)
             ... on level 4 of the Dungeon.
             The game lasted 00:07:14 (4899 turns).

zazu2006 the Magician (Naga Hedge Wizard)           Turns: 4899, Time: 00:07:15

Health: -2/50      AC:  4    Str: 14    XL:     6   Next: 52%
Magic:  0/12       EV: 10    Int: 19    God:
Gold:   156        SH:  0    Dex: 10    Spells: 4/13 levels left

rFire   x . .      SeeInvis +   r - +0 long sword
rCold   . . .      Faith    .   (no shield)
rNeg    . . .      Spirit   .   o - +1 robe of Broken Taboos {rElec rF- Will+ Str+2 Int+2}
rPois   +          Reflect  .   c - +0 hat
rElec   +          Harm     .   (no cloak)
rCorr   .          Rampage  .   (no gloves)
Will    +....                   (no barding)
Stlth   ++........              (no amulet)
HPRegen 0.16/turn               (no ring)
MPRegen 0.13/turn               (no ring)

@: very slow
A: AC +2, large, see invisible, deformed body, poison resistance, slowness 2,
spit poison 1, naga tail 1
a: Spit Poison


You were on level 4 of the Dungeon.
You visited 2 branches of the dungeon, and saw 5 of its levels.

You collected 156 gold pieces.

Inventory:

Hand Weapons
 r - a +0 long sword (weapon)
Armour
 b - a +0 robe
 c - a +0 hat (worn)
 o - the +1 robe of Broken Taboos (worn) {rElec rF- Will+ Str+2 Int+2}
   (You found it on level 2 of the Dungeon)

   Str:       It affects your strength (+2).
   Int:       It affects your intelligence (+2).
   rF:        It makes you vulnerable to fire.
   rElec:     It insulates you from electricity.
   Will:      It increases your willpower.
Scrolls
 d - a scroll of brand weapon {unknown}
 h - 5 scrolls of identify {unknown}
 i - a scroll of noise {unknown}
 j - a scroll of magic mapping {unknown}
 l - a scroll of enchant weapon {unknown}
 q - a scroll of torment {unknown}
 s - a scroll of vulnerability {unknown}
 t - a scroll of teleportation {unknown}
Potions
 a - a potion of haste {unknown}
 e - 2 potions of magic {unknown}
 f - 2 potions of might {unknown}
 g - a potion of heal wounds {unknown}
 k - a potion of attraction {unknown}
 m - a potion of flight {unknown}
 n - a potion of curing {unknown}
 p - a potion of lignification {unknown}


   Skills:
 + Level 0.4 Fighting
 + Level 0.4 Long Blades
 + Level 2.2 Dodging
 + Level 4.1 Stealth
 + Level 4.4 Spellcasting
 + Level 3.8 Conjurations
 + Level 1.0 Summonings
 + Level 1.0 Translocations
 + Level 0.1 Air Magic
 * Level 2.3 Poison Magic


You had 4 spell levels left.
You knew the following spells:

 Your Spells              Type           Power      Damage    Failure   Level
a - Magic Dart            Conj           72%        1d6       2%          1
b - Mephitic Cloud        Conj/Pois/Air  12%        N/A       17%         3
c - Conjure Flame         Conj/Fire      11%        6-21      19%         3
d - Blink                 Tloc           16%        N/A       13%         2

Your spell library contained the following spells:

 Spells                   Type           Power      Damage    Failure   Level
 Foxfire                  Conj/Fire      44%        2x1d6     6%          1
 Sandblast                Erth           8%         2d5       13%         1
 Slow                     Hex            16%        N/A       13%         1
 Call Imp                 Summ           8%         N/A       13%         2
 Stone Arrow              Conj/Erth      22%        3d8       19%         3
 Passwall                 Tmut/Erth      3%         N/A       21%         2
 Inner Flame              Hex/Fire       4%         N/A       36%         3
 Flame Wave               Conj/Fire      11%        2d5       52%         4


Dungeon Overview and Level Annotations

Branches:
Dungeon (4/15)             Temple (1/1) D:4

Altars:
Ashenzari
Cheibriados
Dithmenos
Elyvilon
Fedhas
Gozag
Hepliaklqana
Kikubaaqudgha
Makhleb
Nemelex Xobeh
Okawaru
Qazlal
Ru
Sif Muna
Trog
Uskayaw
Wu Jian
Xom
Zin
The Shining One


Innate Abilities, Weirdness & Mutations

Your serpentine skin is tough. (AC +2)
You have supernaturally acute eyesight. (SInv)
Armour fits poorly on your strangely shaped body.
Your system is resistant to poisons. (rPois)
You cover ground very slowly.
You can spit poison.
You have a snake-like lower body.


Message History

Press: ? - help, Shift-Dir - straight line, f/p - black bear
Aim: a black bear (heavily wounded, confused, 100% to hit)
The magic dart hits the black bear but does no damage.
The black bear is heavily wounded.
The black bear seems less confused.
Aiming: Spit Poison (1% risk of failure)
Press: ? - help, Shift-Dir - straight line, f/p - black bear
Aim: a black bear (heavily wounded, 70% to hit)
The splash of poison hits the black bear!
The black bear is almost dead.
The black bear goes berserk!
Casting: Magic Dart (safe; 2% risk of failure)
Confirm with . or Enter, or press ? or * to list all spells.
You don't have enough magic to cast this spell.
You aren't carrying any items that you can evoke.
Okay, then.
You have got your breath back.
The black bear bites you!
* * * LOW HITPOINT WARNING * * *
The black bear claws you but does no damage.
The black bear barely misses you. The black bear bites you.
* * * LOW HITPOINT WARNING * * *
The black bear claws you.
* * * LOW HITPOINT WARNING * * *
The black bear barely misses you.
Casting: Magic Dart (safe; 2% risk of failure)
Confirm with . or Enter, or press ? or * to list all spells.
Aiming: Mephitic Cloud (dangerous; 17% risk of failure)
Press: ? - help, Shift-Dir - straight line, f/p - black bear
Aim: a black bear (severely wounded, berserk, chance to affect: 72%)
The ball explodes into a vile cloud!
The stinking cloud engulfs the black bear but does no damage.
The black bear is severely wounded.
The stinking cloud engulfs you but does no damage.
The black bear is engulfed in noxious fumes.
The black bear appears confused.
The black bear closely misses you. x3
The black bear is engulfed in noxious fumes.
The black bear appears confused.
The black bear bites you.
You die...

####### #.....#
#.....######
#......@hâ—‹.# .
#..##'####.# .
##.8.##..# .
##...##...#
##...##....#
##...##.....#######
.++.8.++......#.....#
..##...##.....#.....# .
...##...##....#.....#..


You could see a black bear (berserk, confused).

Vanquished Creatures
  A water moccasin (D:4)
  A hound (D:4)
  2 iguanas
  An orc wizard (D:3)
  4 adders
  3 worms
  2 dart slugs (D:1)
  3 orcs (D:3)
  5 endoplasms
  A giant cockroach (D:1)
  7 goblins
  6 hobgoblins
  4 jackals (D:1)
  3 quokkas (D:1)
  7 ball pythons
  6 bats
  4 frilled lizards
  7 kobolds
  5 rats
72 creatures vanquished.

Notes
Turn   | Place    | Note
-------+----------+-------------------------------------------
     0 | D:1      | zazu2006 the Naga Hedge Wizard began the quest for the Orb.
     0 | D:1      | Reached XP level 1. HP: 15/15 MP: 4/4
   141 | D:1      | Reached XP level 2. HP: 8/22 MP: 0/6
   851 | D:1      | Reached XP level 3. HP: 28/28 MP: 5/8
   855 | D:1      | Learned a level 3 spell: Mephitic Cloud
   859 | D:1      | Learned a level 3 spell: Conjure Flame
   862 | D:1      | Learned a level 2 spell: Blink
   887 | D:1      | Found a faded altar of an unknown god.
  1625 | D:2      | Reached XP level 4. HP: 33/36 MP: 4/9
  2191 | D:2      | Identified the +1 robe of Broken Taboos {rElec rF- Will+
                  | Str+2 Int+2}
  3025 | D:3      | Reached skill level 1 in Poison Magic
  3025 | D:3      | Reached XP level 5. HP: 2/42 MP: 3/10
  3784 | D:4      | Noticed a black bear
  4243 | D:4      | Found a staircase to the Ecumenical Temple.
  4260 | Temple   | Entered the Ecumenical Temple
  4729 | D:4      | Reached XP level 6. HP: 36/49 MP: 4/12
  4858 | D:4      | Noticed a water moccasin
  4873 | D:4      | Killed a water moccasin
  4898 | D:4      | HP: 2/50 [black bear (3)]
  4899 | D:4      | Slain by a black bear

Illustrated notes

Levels and vault maps discovered:
D:1:      dpeg_arrival_rooms_with_view, layout_rooms,
          ebering_ecumenical_altar_sacrificial, minmay_pentomino_x2
D:2:      layout_loops_corners
D:3:      layout_basic
D:4:      layout_basic, temple_green, grunt_decor_arrowhead,
          minmay_goblin_outpost
Temple:   mainiacjoe_temple_big_plus

Skill      XL: |  1  2  3  4  5  6 |
---------------+-------------------+-----
Conjurations   | 2 3 |  3.8
Dodging        | 2 |  2.2
Poison Magic   | 1 2 |  2.3
Spellcasting   | 4 |  4.4
Stealth        | 4 |  4.1
Fighting       | |  0.4
Long Blades    | |  0.4
Summonings     | |  1.0
Translocations | |  1.0
Air Magic      | |  0.1

Action                   |  1- 3 |  4- 6 || total
-------------------------+-------+-------++-------
Melee: Dagger            |     5 |       ||     5
       Long sword        |       |    21 ||    21
 Cast: Magic Dart        |    74 |   114 ||   188
       Mephitic Cloud    |       |     4 ||     4
 Abil: Spit Poison       |    14 |    13 ||    27
 Stab: Confused          |       |     1 ||     1
Armor: Robe              |     1 |    12 ||    13
Dodge: Dodged            |    13 |    23 ||    36
